 Dungeon Crawl Stone Soup version 0.26.1-2-gb8aa6d0cf2 (webtiles) character file.

Game seed: 6576450508127079107

54 Gwenloh the Cudgeller (level 3, -2/31 HPs)
             Began as a Palentonga Warper on Mar 25, 2021.
             Killed from afar by Sigmund (11 damage)
             ... with a puff of flame
             ... on level 2 of the Dungeon.
             The game lasted 00:13:17 (1894 turns).

Gwenloh the Cudgeller (Palentonga Warper)           Turns: 1894, Time: 00:13:18

Health: -2/31      AC:  4    Str: 14    XL:     3   Next: 66%
Magic:  5/6        EV:  9    Int: 13    God:
Gold:   110        SH:  0    Dex: 10    Spells: 4/6 levels left

rFire    . . .     SeeInvis +   a - +0 mace
rCold    . . .     Faith    .   (no shield)
rNeg     . . .     Spirit   .   b - +0 leather armour
rPois    .         Reflect  .   (no helmet)
rElec    .         Harm     .   (no cloak)
rCorr    .         Rampage  .   (no gloves)
Will     .....                  (no barding)
Stlth    ..........             (no amulet)
HPRegen  0.10/turn              l - ring of flight
MPRegen  0.10/turn              (no ring)

@: confused
A: large, rugged brown scales 3, see invisible, deformed body, roll 1, armoured
tail
a: Rolling Charge, Evoke Flight


You were on level 2 of the Dungeon.
You visited 1 branch of the dungeon, and saw 2 of its levels.

You collected 110 gold pieces.

Inventory:

Hand Weapons
 a - a +0 mace (weapon)
Missiles
 e - 5 boomerangs of dispersal
 n - 28 stones
 o - 8 poisoned darts (quivered)
Armour
 b - a +0 leather armour (worn)
 s - a +0 kite shield
Jewellery
 l - a ring of flight (left hand)
Scrolls
 c - a scroll of fear {unknown}
 d - 2 scrolls of blinking
 g - 3 scrolls of magic mapping
 k - a scroll of remove curse
 p - a scroll of enchant armour
Potions
 h - a potion of heal wounds {unknown}
 i - 2 potions of curing {unknown}
 q - a potion of might {unknown}
 r - a potion of mutation {unknown}


   Skills:
 - Level 2.0 Fighting
 * Level 3.7 Maces & Flails
 - Level 0.6 Throwing
 - Level 0.7 Armour
 - Level 1.5 Dodging
 + Level 0.0 Shields
 - Level 2.0 Spellcasting
 + Level 3.4 Translocations


You had 4 spell levels left.
You knew the following spells:

 Your Spells              Type           Power        Failure   Level
a - Blink                 Tloc           N/A          12%         2

Your spell library contained the following spells:

 Spells                   Type           Power        Failure   Level
 Gell's Gravitas          Tloc           5%           24%         3
 Lesser Beckoning         Tloc           5%           24%         3
 Teleport Other           Tloc           10%          24%         3
 Passage of Golubria      Tloc           N/A          61%         4


Dungeon Overview and Level Annotations

Branches:
Dungeon (2/15)

Altars:

Annotations:
D:2 Sigmund


Innate Abilities, Weirdness & Mutations

You are completely covered in rugged brown scales. (AC +3, +7% HP)
You have supernaturally acute eyesight. (SInv)
Armour fits poorly on your strangely shaped body.
You can roll at nearby foes to attack.
You have a long armoured tail.


Message History

You closely miss Sigmund.
Sigmund is heavily wounded.
Sigmund screams, "Don't try to resist!"
Sigmund closely misses you.
You hit Sigmund.
Sigmund is severely wounded.
Sigmund hits you with a +0 scythe.
* * * LOW HITPOINT WARNING * * *
Casting: Blink (safe; 12% risk of failure)
Confirm with . or Enter, or press ? or * to list all spells.
You blink.
You see here 2 poisoned darts.
You see here a pair of boots.
There is an open door, spattered with blood here.
Sigmund gestures at you while chanting.
You are confused.
You bump into the rock wall.
Sigmund points at you and mumbles some strange words.
The puff of flame hits you!
You die...

# #.####..)..##.## ####)## #
###'####..=..##..# #.....#
#####.(...##.....###.###.....#
..........##.)...# #..##.....#
.......(..##.....# ##.##.....#
.......(..###....# #.##.....# #
..........# #.##.# #.##.....# #
..........# #....# #.##.....# #
.........[# ##..@# #.#####'## #
..........# #...# #..# #.# #
.........@# #..@# ##.## #.# #
..........# #...#####..# #.# #
##'##.....####...'....#.###.#####
#.####....@.'...####.#..##......
#.####.######...####.##.##......
#.........#.'...'....##.##......
*#########.#.#...#######..#.##...


You could see Sigmund.

Vanquished Creatures
  2 worms (D:2)
  A leopard gecko (D:2)
  A ball python (D:2)
  4 giant cockroaches
  7 hobgoblins
  3 jackals (D:1)
  8 bats
  3 frilled lizards
  7 goblins
  A kobold (D:2)
  5 rats
42 creatures vanquished.

Notes
Turn   | Place    | Note
-------+----------+-------------------------------------------
     0 | D:1      | Gwenloh the Palentonga Warper began the quest for the Orb.
     0 | D:1      | Reached XP level 1. HP: 18/18 MP: 3/3
   135 | D:1      | Reached XP level 2. HP: 19/25 MP: 5/5
   138 | D:1      | Learned a level 2 spell: Blink
   879 | D:1      | Reached XP level 3. HP: 29/31 MP: 6/6
  1852 | D:2      | Noticed Sigmund
  1894 | D:2      | Killed from afar by Sigmund

Illustrated notes

Levels and vault maps discovered:
D:1:      dpeg_arrival_solitude, layout_rooms
D:2:      layout_basic, uniq_sigmund

Skill      XL: |  1  2 |
---------------+-------+-----
Maces & Flails | 3 |  3.7
Fighting       | |  2.0
Throwing       | |  0.6
Armour         | |  0.7
Dodging        | |  1.5
Spellcasting   | |  2.0
Translocations | |  3.4

Action                   || total
-------------------------++-------
Melee: Mace              ||   143
       Tailslap          ||     9
Throw: Dart              ||     5
       Stone             ||     3
 Cast: Blink             ||     9
 Abil: Rolling Charge    ||    44
  Use: Scroll            ||     5
Armor: Leather armour    ||    73
Dodge: Dodged            ||    72
